 Dungeon Crawl Stone Soup version 0.30.1-11-g7821555f0a (webtiles) character file.

Game seed: 567504907651803720

195 lonewolfV2 the Shield-Bearer (level 5, -4/41 HPs)
             Began as a Demonspawn Fighter on Oct 27, 2023.
             Slain by an iguana (11 damage)
             ... on level 6 of the Dungeon.
             The game lasted 00:03:14 (2004 turns).

lonewolfV2 the Shield-Bearer (Demonspawn Fighter)   Turns: 2004, Time: 00:03:15

Health: -4/41      AC:  9    Str: 18    XL:     5   Next: 45%
Magic:  5/5        EV:  8    Int: 10    God:
Gold:   115        SH:  5    Dex: 14    Spells: 4/4 levels left

rFire   . . .        a - +1 war axe
rCold   . . .        c - +0 buckler
rNeg    . . .        h - +0 chain mail
rPois   .            (no helmet)
rElec   .            (no cloak)
rCorr   .            (no gloves)
SInv    .            (no boots)
Will    .....        (no amulet) Stlth
                     (no ring)
HPRegen 0.26/turn    (no ring)
MPRegen 0.09/turn

%: no passive effects
@: no status effects
A: thin skeletal structure 1, demonic magic 1
a: no special abilities


You were on level 6 of the Dungeon.
You visited 1 branch of the dungeon, and saw 4 of its levels.

You collected 115 gold pieces.

Inventory:

Hand Weapons
 a - a +1 war axe (weapon)
Armour
 b - a +0 scale mail
 c - a +0 buckler (worn)
 h - a +0 chain mail (worn)
Wands
 l - a wand of flame (27)
Scrolls
 f - a scroll of poison
 i - a scroll of teleportation {unknown}
 k - a scroll of brand weapon {unknown}
Potions
 d - a potion of might
 e - 2 potions of curing
 g - 2 potions of lignification {unknown}
 j - a potion of heal wounds {unknown}


   Skills:
 - Level 3.0 Fighting
 - Level 1.7 Axes
 + Level 3.6 Armour
 * Level 3.3 Dodging
 + Level 3.6 Shields


You had 4 spell levels left.
You didn't know any spells.
Your spell library contained the following spells:

 Spells                   Type           Power      Damage    Failure   Level
 Cigotuvi's Dreadful Rot  Necr/Pois/Air  0%         N/A       100%        2
 Ignite Poison            Fire/Tmut/Pois 0%         N/A       100%        3
 Cause Fear               Hex            0%         N/A       100%        4
 Freezing Cloud           Conj/Ice/Air   0%         6-21      100%        5
 Dragon Form              Tmut           0%         N/A       100%        7
 Dragon's Call            Summ           0%         N/A       100%        9


Dungeon Overview and Level Annotations

Branches:
Dungeon (3/15)

Altars:
Makhleb

Shops:
D:1 *


Innate Abilities, Weirdness & Mutations

You have a somewhat thin skeletal structure. (Dex +2, Stealth+)
Spells you cast may paralyse adjacent enemies.


Message History

The orc wizard barely misses you.
The orc wizard gestures at you while chanting.
You resist with some effort.
The orc wizard hits you with a +0 dagger.
The orc wizard hits you but does no damage.
You closely miss the orc wizard.
The orc wizard is lightly wounded.
You closely miss the orc wizard.
The orc wizard hits you but does no damage.
The orc wizard barely misses you.
You closely miss the orc wizard.
The orc wizard is lightly wounded.
You hit the orc wizard.
The orc wizard points at you and mumbles some strange words.
The magic dart hits you but does no damage.
The orc wizard hits you but does no damage.
The orc wizard casts a spell at you. The puff of flame hits you!
The orc wizard gestures at you while chanting.
The puff of flame hits you!
You slash the orc wizard!
You kill the orc wizard!
You hit the orc wizard but do no damage.
You hit the iguana but do no damage.
The orc wizard hits you but does no damage.
The iguana bites you. The orc wizard casts a spell at you.
The puff of flame hits you.
* * * LOW HITPOINT WARNING * * *
The iguana barely misses you.
Things that are here:
a +0 dagger; a +0 robe; an orc corpse You closely miss the orc wizard.
The orc wizard is severely wounded.
You hit the iguana. The orc wizard casts a spell at you.
The puff of flame hits you.
* * * LOW HITPOINT WARNING * * *
The iguana bites you!
You die...

##...# #.# #.....
###....# #.# #.###.
###......###.###.##.###.
.........##...##........
..... #..#.....####.....
..... #...>...#########.
......#..#.#.###...####.
......#.l#.#.###.#......
.......@.#.........#####
###...#o.###.#######
###.##.# #.# # #..##.#
#..##.# #..##.# #..##.#
...##.# ##.##.#


You could see an iguana and an orc wizard.

Vanquished Creatures
  Jessica (D:3)
  Natasha (twice) (D:3)
  An orc wizard (D:6)
  5 adders
  A dart slug (D:2)
  6 endoplasms
  6 goblins
  4 hobgoblins (D:1)
  3 jackals (D:2)
  3 kobolds
  2 quokkas
  6 ball pythons
  5 bats
  5 frilled lizards
  4 rats
54 creatures vanquished.

Vanquished Creatures (others)
  A bat (D:2)
1 creature vanquished.

Grand Total: 55 creatures vanquished

Notes
Turn   | Place    | Note
-------+----------+-------------------------------------------
     0 | D:1      | lonewolfV2 the Demonspawn Fighter began the quest for the
                  | Orb.
     0 | D:1      | Reached XP level 1. HP: 18/18 MP: 1/1
    76 | D:1      | Reached skill level 1 in Dodging
    76 | D:1      | Gained mutation: You have a somewhat thin skeletal
                  | structure. (Dex +2, Stealth+) [demonic ancestry]
    76 | D:1      | Reached XP level 2. HP: 24/24 MP: 2/2
   299 | D:1      | Found Supuen's General Store.
   607 | D:2      | Reached XP level 3. HP: 29/29 MP: 3/3
  1127 | D:2      | Gained mutation: Spells you cast may paralyse adjacent
                  | enemies. [demonic ancestry]
  1127 | D:2      | Reached XP level 4. HP: 35/35 MP: 4/4
  1693 | D:3      | Found a burning altar of Makhleb.
  1696 | D:3      | Noticed Jessica
  1710 | D:3      | Killed Jessica
  1799 | D:3      | Noticed Natasha
  1808 | D:3      | Killed Natasha
  1809 | D:3      | Reached XP level 5. HP: 39/41 MP: 5/5
  1828 | D:3      | Noticed Natasha
  1838 | D:3      | Killed Natasha
  1937 | D:3      | You fall into a shaft and drop 3 floors!
  2004 | D:6      | Slain by an iguana

Illustrated notes

Levels and vault maps discovered:
D:1:      dpeg_arrival_long_road, layout_rooms, serial_shops, shop,
          minmay_misc_feat_cross
D:2:      layout_basic, eino_curves_03
D:3:      layout_rooms, overflow_temple_1_default, serial_shops, shop,
          uniq_jessica, uniq_natasha
D:6:      minmay_flawed_box, layout_loops_corners, temple_green, uniq_menkaure

Skill      XL: |  1  2  3  4 |
---------------+-------------+-----
Dodging        | 1 2 3 |  3.3
Shields        | 3 |  3.6
Armour         | 3 |  3.6
Fighting       | |  3.0
Axes           | |  1.7

Action                     |  1- 3 |  4- 6 || total
---------------------------+-------+-------++-------
  Melee: War axe           |    93 |    51 ||   144
    Use: Scroll            |     5 |     1 ||     6
 Armour: Scale mail        |    15 |       ||    15
         Chain mail        |    37 |    47 ||    84
  Dodge: Dodged            |    35 |    30 ||    65
  Block: Buckler           |    26 |    11 ||    37
